 Dungeon Crawl Stone Soup version 0.29.0-4-gdea44cf6ec (webtiles) character file.

Game seed: 7986705276325807795

11 qw the Sneak (level 2, -12/19 HPs)
             Began as a Gargoyle Delver on Sept 10, 2022.
             Mangled by an ogre
             ... wielding a +0 giant spiked club
              (31 damage)
             ... on level 4 of the Dungeon.
             The game lasted 00:00:10 (651 turns).

qw the Sneak (Gargoyle Delver)                       Turns: 651, Time: 00:00:10

Health: -12/19     AC:  5    Str: 15    XL:     2   Next: 25%
Magic:  2/2        EV: 11    Int: 10    God:
Gold:   0          SH:  0    Dex: 11    Spells: 1/1 levels left

rFire   . . .      SeeInvis .   Y - +0 hand axe
rCold   . . .      Faith    .   (no shield)
rNeg    + . .      Spirit   .   b - +0 leather armour
rPois   inf        Reflect  .   (no helmet)
rElec   +          Harm     .   (no cloak)
rCorr   .          Rampage  .   (no gloves)
Will    .....                   (no boots)
Stlth   +++.......              (no amulet)
HPRegen 0.06/turn               (no ring)
MPRegen 0.08/turn               (no ring)

@: no status effects
A: sickness immunity, AC +2, negative energy resistance 1, electricity
resistance, torment resistance 1, petrification resistance
a: no special abilities


You were on level 4 of the Dungeon.
You visited 1 branch of the dungeon, and saw 2 of its levels.


Innate Abilities, Weirdness & Mutations

You are immune to sickness and miasma.
Your stone body is resilient. (AC +2)
You are immune to poison.
You resist negative energy. (rN+)
You are resistant to electric shocks. (rElec)
You are resistant to unholy torment.
You are immune to petrification.


   Skills:
 - Level 3.2 Fighting
 + Level 2.6 Axes
 - Level 1.5 Dodging
 - Level 5.4 Stealth


You had one spell level left.
You didn't know any spells.
Your spell library was empty.

Inventory:

Hand Weapons
 Y - a +0 hand axe (weapon)
Armour
 b - a +0 leather armour (worn)
Wands
 g - a wand of digging (3)
Potions
 d - a potion of might {unknown}
 f - a potion of haste

Dungeon Overview and Level Annotations

Branches:
Dungeon (5/15)
 Temple: D:4-7

Altars:


Message History

The kobold shouts!
You hit the kobold but do no damage.
The kobold hits you with the +5 dagger "Relu" {vamp, Fly rF- rN+++ Will-}.
You hit the kobold.
The kobold is heavily wounded.
The kobold hits you but does no damage.
You barely miss the kobold.
The kobold is heavily wounded.
The kobold hits you with the +5 dagger "Relu" {vamp, Fly rF- rN+++ Will-}.
The kobold hits you but does no damage.
You closely miss the kobold.
The kobold is heavily wounded.
The kobold hits you with the +5 dagger "Relu" {vamp, Fly rF- rN+++ Will-}.
You hit the kobold.
You kill the kobold!
You start resting.
HP restored.
(D) Dungeon
Where to? (* - list waypoints, Enter - D:3, ? - help)
What level of the Dungeon? (default 1, ? - help)
A goblin comes into view. It is wielding a +0 dagger.
Enter note: You hit the goblin.
You kill the goblin!
(D) Dungeon
Where to? (* - list waypoints, Enter - D:3, ? - help)
What level of the Dungeon? (default 1, ? - help)
You see here a +0 dagger.
An ogre and an endoplasm come into view.
The ogre shouts!
The endoplasm quivers.
You hit the endoplasm.
The endoplasm is heavily wounded.
The endoplasm barely misses you.
You hit the endoplasm.
The endoplasm is severely wounded.
The endoplasm hits you but does no damage.
The ogre hits you with a +0 giant spiked club!!
Ouch! That really hurt!
You die...

......#.......##........
......#.................
#.......#..#............
......#.##.#............
.....##.......!....#....
.#...#............:.....
.#...##...###...)##.....
.###....(..#.......###..
..###.........#.@...#
.............##.JO......
##..#..#...#....<..#.#..
#..###.#..##......#### .
....#....##...#....
....#....###.##.!...
#............ ......
.......####..........
.......# #..


You could see an ogre and an endoplasm.

Vanquished Creatures
  A dart slug (D:4)
  A goblin (D:4)
  A hobgoblin (D:4)
  2 jackals (D:4)
  A kobold (D:4)
  A quokka (D:5)
7 creatures vanquished.

Notes
Turn   | Place    | Note
-------+----------+-------------------------------------------
     0 | D:5      | qw the Gargoyle Delver began the quest for the Orb.
     0 | D:5      | Reached XP level 1. HP: 14/14 MP: 1/1
     0 | D:5      | 0 ||| qw: Version: 0.1-a-116-g5d60599
     0 | D:5      | 0 ||| qw: Game counter: 7786
     0 | D:5      | 0 ||| qw: Always use a shield: true
     0 | D:5      | 0 ||| qw: God list: Okawaru
     0 | D:5      | 0 ||| qw: Allow faded altars: false
     0 | D:5      | 0 ||| qw: Do Orc after D:15 true
     0 | D:5      | 0 ||| qw: Do second Lair branch before Depths: true
     0 | D:5      | 0 ||| qw: Lair rune preference: random
     0 | D:5      | 0 ||| qw: Plans: Normal
     0 | D:5      | 0 ||| PLANNING D:1-11
     4 | D:5      | 4 ||| DROPPING scroll of fog.
     5 | D:5      | 5 ||| DROPPING scroll of magic mapping.
     6 | D:5      | 6 ||| DROPPING scroll of fear.
   211 | D:4      | 211 ||| Stepping ~*~*~tactically~*~*~ (hiding).
   313 | D:4      | 313 ||| Stepping ~*~*~tactically~*~*~ (hiding).
   423 | D:4      | Reached XP level 2. HP: 16/19 MP: 2/2
   482 | D:4      | 482 ||| READING scroll labelled FAFAUH QYTU.
   494 | D:4      | Identified the +5 dagger "Relu" {vamp, Fly rF- rN+++ Will-}
   645 | D:4      | Noticed an ogre
   651 | D:4      | Mangled by an ogre

Levels and vault maps discovered:
D:4:      layout_cave_pools, uniq_duvessa
D:5:      layout_loops_cross, st_stairs_14

Skill      XL: |  1 |
---------------+----+-----
Axes           | 2 |  2.6
Fighting       | |  3.2
Dodging        | |  1.5
Stealth        | |  5.4

Action                   || total
-------------------------++-------
Melee: Hand axe          ||    33
       Punch             ||     1
  Use: Scroll            ||     1
Armor: Leather armour    ||    17
Dodge: Dodged            ||    17

Table legend:
 A = Non-vault XP
 B = Vault XP
 C = Vault XP percentage of total XP
 D = Non-vault monster count
 E = Vault monster count
 F = Vault count percentage of total count
                 A         B        C        D         E       F
            +---------+---------+-------+---------+---------+-------
      Total |      14 |       2 |  12.5 |       6 |       1 |  14.3
            +---------+---------+-------+---------+---------+-------
        D:4 |      14 |       0 |   0.0 |       6 |       0 |   0.0
        D:5 |       0 |       2 | 100.0 |       0 |       1 | 100.0
            +---------+---------+-------+---------+---------+-------
